Canucks vs Roadrunners
Created - November 11, 2025 at 19:00
Goals
|
| Canucks |
1 |
2 |
0 |
0 |
0 |
3 |
| Roadrunners |
1 |
2 |
0 |
0 |
1 |
4 |
|
Shots
|
| Canucks |
9 |
14 |
8 |
0 |
3 |
31 |
| Roadrunners |
11 |
19 |
2 |
2 |
2 |
34 |
|
1st period
1. Roadrunners , Lucas Wallmarkk 2 (Morgan Klimchuk 3, Rem Pitlick 4) at 6:18
2. Canucks , Kristian Vesalainen 2 (Adam Ollas-Mattsson 2, William Lagesson 2) at 18:53 (PP)
Penalties :
Ty Smith (Tuc) for Holding (Minor) at 17:11
2nd period
3. Roadrunners , Rem Pitlick 2 (Laurent Dauphin 1, Matt Kiersted 2) at 3:25
4. Canucks , Axel Holmstrom 1 (C.J. Smith 1, Adam Ollas-Mattsson 3) at 9:30 (PP)
5. Canucks , Trevor Moore 1 (William Lockwood 1, Axel Holmstrom 1) at 17:37
6. Roadrunners , Rem Pitlick 3 (Morgan Klimchuk 4, Lucas Wallmarkk 5) at 19:46 (PP)
Penalties :
Morgan Klimchuk (Tuc) for Interference (Minor) at 8:56, A.J. Greer (Tuc) for High sticking (Minor) at 9:42, Pavel Gogolev (Abb) for Tripping (Minor) at 14:32, William Lagesson (Abb) for Hooking (Minor) at 19:27
3rd period
No Goal
Penalties :
Oliver Wahlstrom (Tuc) for Interference (Minor) at 0:47, Riley Stillman (Tuc) for Interference (Minor) at 4:22, Maxim Letunov (Abb) for Holding (Minor) at 14:04
Overtime #1
No Goal
Penalties :
No Penalty
Shootout
Canucks, Axel Holmstrom - Stopped by Zachary Fucale
Roadrunners, Morgan Klimchuk - Shot Misses the Net
Canucks, William Lockwood - Stopped by Zachary Fucale
Roadrunners, Lucas Wallmarkk - Goal!
Canucks, C.J. Smith - Stopped by Zachary Fucale
Penalties :
No Penalty
Goalie Stats
Casey DeSmith (Abb), 31 saves from 34 shots - (0.912), OTL, 1-1-2, 65:00 minutes
Zachary Fucale (Tuc), 28 saves from 31 shots - (0.903), W, 1-2-0, 65:00 minutes
Players Stats for Canucks
Player Name G A P +/- PIM S H SB GA TA FO MP PP MP PK MP
------------------------------------------------------------------------------------
0 0 0 0 0 0 0 0 0 0 0/0 0:00 0:00 0:00
0 0 0 0 0 0 0 0 0 0 0/0 0:00 0:00 0:00
0 0 0 0 0 0 0 0 0 0 0/0 0:00 0:00 0:00
0 0 0 0 0 0 0 0 0 0 0/0 0:00 0:00 0:00
0 0 0 0 0 0 0 0 0 0 0/0 0:00 0:00 0:00
0 0 0 0 0 0 0 0 0 0 0/0 0:00 0:00 0:00
0 0 0 0 0 0 0 0 0 0 0/0 0:00 0:00 0:00
Adam Ollas-Mattsson 0 2 2 1 0 3 1 3 1 0 0/0 30:10 5:32 2:47
Aku Raty 0 0 0 0 0 0 1 1 0 0 0/0 9:34 0:01 0:00
Aleksi Heponiemi 0 0 0 0 0 3 2 0 1 0 8/11 19:31 4:13 1:03
Axel Holmstrom 1 1 2 -1 0 2 5 0 1 0 14/39 23:41 3:59 2:38
C.J. Smith 0 1 1 0 0 1 2 2 0 0 1/1 19:59 3:59 2:17
Daniil Miromanov 0 0 0 -1 0 4 2 0 0 0 0/0 19:50 2:41 1:30
Guillaume Brisebois 0 0 0 -1 0 1 0 0 0 0 0/0 19:39 2:41 1:49
Jack Rathbone 0 0 0 -1 0 0 0 0 0 1 0/0 12:56 0:00 0:00
Jackson Hallum 0 0 0 0 0 0 1 0 0 0 0/1 9:13 0:00 0:30
Kristian Vesalainen 1 0 1 0 0 3 1 0 0 0 0/0 14:57 4:13 0:54
Lane Pederson 0 0 0 0 0 2 2 0 1 0 1/5 12:33 0:01 0:57
Maxim Letunov 0 0 0 0 2 0 1 1 2 0 2/5 10:39 0:00 0:00
Pavel Gogolev 0 0 0 0 2 2 0 0 0 0 0/0 10:21 0:01 0:15
Tobias Lindberg 0 0 0 0 0 1 2 0 1 1 0/0 18:00 4:13 0:00
Trevor Moore 1 0 1 -1 0 3 2 1 1 0 0/2 15:44 0:00 0:00
Will Borgen 0 0 0 -1 0 1 1 2 0 0 0/0 12:56 0:00 0:00
William Lagesson 0 1 1 1 2 1 3 3 0 1 0/0 29:28 5:32 2:28
William Lockwood 0 1 1 -1 0 4 2 1 1 0 2/4 21:29 3:59 0:00
Players Stats for Roadrunners
Player Name G A P +/- PIM S H SB GA TA FO MP PP MP PK MP
------------------------------------------------------------------------------------
0 0 0 0 0 0 0 0 0 0 0/0 0:00 0:00 0:00
0 0 0 0 0 0 0 0 0 0 0/0 0:00 0:00 0:00
0 0 0 0 0 0 0 0 0 0 0/0 0:00 0:00 0:00
0 0 0 0 0 0 0 0 0 0 0/0 0:00 0:00 0:00
0 0 0 0 0 0 0 0 0 0 0/0 0:00 0:00 0:00
A.J. Greer 0 0 0 -1 2 1 2 3 0 1 0/0 18:36 1:47 3:05
Alex Beaucage 0 0 0 0 0 2 1 0 0 1 0/0 7:47 0:04 0:00
Anthony Angello 0 0 0 0 0 3 0 1 0 0 3/5 9:09 0:00 0:27
Arsen Khisamutdinov 0 0 0 0 0 0 0 0 0 1 0/0 9:48 0:00 0:00
Brett Murray 0 0 0 0 0 3 1 0 0 0 1/1 11:12 0:00 0:50
Cam York 0 0 0 0 0 0 0 1 0 1 0/0 11:29 0:00 0:19
David Kampf 0 0 0 -1 0 2 0 1 0 0 9/17 17:47 1:47 2:19
Josiah Slavin 0 0 0 0 0 3 0 0 1 0 0/0 7:42 0:00 0:00
Kaedan Korczak 0 0 0 0 0 0 1 0 0 1 0/0 3:31 0:00 0:00
Laurent Dauphin 0 1 1 0 0 1 1 0 0 0 3/4 13:37 0:07 2:05
Lucas Wallmarkk 1 1 2 2 0 3 2 2 0 0 23/37 24:40 2:26 3:50
Matt Kiersted 0 1 1 1 0 1 1 0 1 1 0/0 19:51 2:16 3:19
Mikko Lehtonen 0 0 0 0 0 0 3 1 0 1 0/0 27:48 1:56 4:35
Morgan Klimchuk 0 2 2 2 2 5 0 0 0 0 0/2 24:34 2:27 3:50
Oliver Wahlstrom 0 0 0 -1 2 0 1 0 0 0 0/1 15:25 1:47 0:00
Rem Pitlick 2 1 3 2 0 8 3 0 1 0 1/1 20:34 2:26 0:00
Riley Stillman 0 0 0 1 2 0 2 1 0 1 0/0 18:42 2:16 2:33
Rinat Valiev 0 0 0 0 0 2 2 2 0 0 0/0 27:57 1:56 4:35
Ty Smith 0 0 0 0 2 0 0 0 0 0 0/0 5:30 0:05 0:19
Victor Berglund 0 0 0 0 0 0 0 0 0 1 0/0 11:03 0:05 0:46
3 Stars
1 - Rem Pitlick (Tuc)
2 - Lucas Wallmarkk (Tuc)
3 - Axel Holmstrom (Abb)
Power Play
Canucks - 2 on 5 Attempt(s) - 40.00%
Roadrunners - 1 on 3 Attempt(s) - 33.33%
Penalty Kill
Canucks - 2 on 3 Attempt(s) - 66.67%
- Score 0 goal in Penalty Kill
Roadrunners - 3 on 5 Attempt(s) - 60.00%
- Score 0 goal in Penalty Kill
Team Stat
Canucks - Hits : 28 - Faceoff Wins : 28 - Blocked Shots : 14 - Penalty Minutes : 6
Roadrunners - Hits : 20 - Faceoff Wins : 40 - Blocked Shots : 12 - Penalty Minutes : 10
Official
Referees : Peter MacDougall and Mitch Dunning
Linesman : Bevan Mills and Steve Miller
Game Notes
No Game Note
Finance
Level 1 -- Attendance: 1754 (87.70%) -- Ticket Income $122,780
Level 2 -- Attendance: 977 (97.70%) -- Ticket Income $39,080
Total Attendance: 2731 (91.03%)
Total Ticket Income: $161,860
Other Income: $8,093
Total Income: $169,953
Canucks
5 vs 5 Forward
Center Left Wing Right Wing Time % Phy DF OF
1 Axel Holmstrom Trevor Moore William Lockwood 40 1 2 2
2 Aleksi Heponiemi C.J. Smith Tobias Lindberg 30 1 2 2
3 Lane Pederson Kristian Vesalainen Aku Raty 20 1 2 2
4 Maxim Letunov Pavel Gogolev Jackson Hallum 10 1 2 2
5 vs 5 Defense
Defense Defense Time % Phy DF OF
1 Adam Ollas-Mattsson William Lagesson 40 1 2 2
2 Daniil Miromanov Guillaume Brisebois 30 1 2 2
3 Will Borgen Jack Rathbone 20 1 2 2
4 Adam Ollas-Mattsson William Lagesson 10 1 2 2
PowerPlay Forward
Center Left Wing Right Wing Time % Phy DF OF
1 Axel Holmstrom C.J. Smith William Lockwood 60 1 2 2
2 Aleksi Heponiemi Kristian Vesalainen Tobias Lindberg 40 1 2 2
PowerPlay Defense
Defense Defense Time % Phy DF OF
1 Adam Ollas-Mattsson William Lagesson 60 1 2 2
2 Daniil Miromanov Guillaume Brisebois 40 1 2 2
Penalty Kill 4 Players Forward
Center Wing Time % Phy DF OF
1 Axel Holmstrom C.J. Smith 60 1 2 2
2 Aleksi Heponiemi Kristian Vesalainen 40 1 2 2
Penalty Kill 4 Players Defense
Defense Defense Time % Phy DF OF
1 Adam Ollas-Mattsson William Lagesson 60 1 2 2
2 Daniil Miromanov Guillaume Brisebois 40 1 2 2
Penalty Kill - 3 Players Forward
Forward Time % Phy DF OF
1 Axel Holmstrom 60 1 2 2
2 Aleksi Heponiemi 40 1 2 2
Penalty Kill - 3 Players Defense
Defense Defense Time % Phy DF OF
1 Adam Ollas-Mattsson William Lagesson 60 1 2 2
2 Daniil Miromanov Guillaume Brisebois 40 1 2 2
4 vs 4 Forward
Center Wing Time % Phy DF OF
1 Axel Holmstrom C.J. Smith 60 1 2 2
2 Aleksi Heponiemi Kristian Vesalainen 40 1 2 2
4 vs 4 Defense
Defense Defense Time % Phy DF OF
1 Adam Ollas-Mattsson William Lagesson 60 1 2 2
2 Daniil Miromanov Guillaume Brisebois 40 1 2 2
Last Minutes Offensive
Center Left Wing Right Wing Defense Defense
Axel Holmstrom C.J. Smith William Lockwood Adam Ollas-Mattsson William Lagesson
Last Minutes Defensive
Center Left Wing Right Wing Defense Defense
Axel Holmstrom C.J. Smith William Lockwood Adam Ollas-Mattsson William Lagesson
Goaltenders
Starting : Casey DeSmith
Backup : Jan Bednar
Extra Forwards
Normal : Lane Pederson, Tobias Lindberg, Maxim Letunov - PP : Lane Pederson, Tobias Lindberg - PK : Lane Pederson
Extra Defensemen
Normal : Guillaume Brisebois, Will Borgen, Jack Rathbone - PP : Guillaume Brisebois - PK : Guillaume Brisebois, Will Borgen
Penalty Shots
Axel Holmstrom, William Lockwood, C.J. Smith, Aleksi Heponiemi, Lane Pederson
Custom OT Lines Forwards
Axel Holmstrom, William Lockwood, C.J. Smith, Aleksi Heponiemi, Lane Pederson, Tobias Lindberg, Maxim Letunov, Trevor Moore, Kristian Vesalainen, Pavel Gogolev
Custom OT Lines Defensemen
Adam Ollas-Mattsson, William Lagesson, Daniil Miromanov, Guillaume Brisebois, Will Borgen
Scratches
Albert Lyckasen (Healthy), Ryan O'Rourke (Healthy), Michael Benning (Healthy), Jakob Forsbacka-Karlsson (Healthy), Jay O'Brien (Healthy)
John Hayden (Healthy), Juho Lammikko (Suspend), Chase Yoder (Healthy), Michael Kesselring (Healthy), Jonathan Kovacevic (Healthy)
Rasmus Asplund (Healthy), Ian Scott (Healthy)
Roadrunners
5 vs 5 Forward
Center Left Wing Right Wing Time % Phy DF OF
1 Lucas Wallmarkk Morgan Klimchuk Rem Pitlick 42 0 2 3
2 David Kampf A.J. Greer Oliver Wahlstrom 32 0 2 3
3 Laurent Dauphin Brett Murray Arsen Khisamutdinov 20 1 3 1
4 Anthony Angello Josiah Slavin Alex Beaucage 6 1 2 2
5 vs 5 Defense
Defense Defense Time % Phy DF OF
1 Rinat Valiev Mikko Lehtonen 40 1 2 2
2 Matt Kiersted Riley Stillman 30 1 3 1
3 Cam York Victor Berglund 20 1 3 1
4 Ty Smith Kaedan Korczak 10 1 2 2
PowerPlay Forward
Center Left Wing Right Wing Time % Phy DF OF
1 Lucas Wallmarkk Morgan Klimchuk Rem Pitlick 60 1 0 4
2 David Kampf A.J. Greer Oliver Wahlstrom 40 1 0 4
PowerPlay Defense
Defense Defense Time % Phy DF OF
1 Rinat Valiev Mikko Lehtonen 60 1 1 3
2 Matt Kiersted Riley Stillman 40 1 1 3
Penalty Kill 4 Players Forward
Center Wing Time % Phy DF OF
1 Lucas Wallmarkk Morgan Klimchuk 60 1 4 0
2 David Kampf A.J. Greer 40 1 4 0
Penalty Kill 4 Players Defense
Defense Defense Time % Phy DF OF
1 Rinat Valiev Mikko Lehtonen 60 1 4 0
2 Matt Kiersted Riley Stillman 40 1 4 0
Penalty Kill - 3 Players Forward
Forward Time % Phy DF OF
1 Lucas Wallmarkk 60 1 4 0
2 David Kampf 40 1 4 0
Penalty Kill - 3 Players Defense
Defense Defense Time % Phy DF OF
1 Rinat Valiev Mikko Lehtonen 60 1 4 0
2 Matt Kiersted Riley Stillman 40 1 4 0
4 vs 4 Forward
Center Wing Time % Phy DF OF
1 Lucas Wallmarkk Morgan Klimchuk 60 1 1 3
2 David Kampf A.J. Greer 40 1 1 3
4 vs 4 Defense
Defense Defense Time % Phy DF OF
1 Rinat Valiev Mikko Lehtonen 60 1 2 2
2 Matt Kiersted Riley Stillman 40 1 2 2
Last Minutes Offensive
Center Left Wing Right Wing Defense Defense
Lucas Wallmarkk Morgan Klimchuk Rem Pitlick Rinat Valiev Mikko Lehtonen
Last Minutes Defensive
Center Left Wing Right Wing Defense Defense
Lucas Wallmarkk Morgan Klimchuk Rem Pitlick Rinat Valiev Mikko Lehtonen
Goaltenders
Starting : Zachary Fucale
Backup : Kevin Lankinen
Extra Forwards
Normal : Laurent Dauphin, Oliver Wahlstrom, A.J. Greer - PP : Laurent Dauphin, Oliver Wahlstrom - PK : Laurent Dauphin
Extra Defensemen
Normal : Victor Berglund, Cam York, Kaedan Korczak - PP : Victor Berglund - PK : Victor Berglund, Cam York
Penalty Shots
Morgan Klimchuk, Lucas Wallmarkk, Rem Pitlick, David Kampf, Laurent Dauphin
Custom OT Lines Forwards
Morgan Klimchuk, Lucas Wallmarkk, Rem Pitlick, David Kampf, Laurent Dauphin, Oliver Wahlstrom, A.J. Greer, Brett Murray, Anthony Angello, Josiah Slavin
Custom OT Lines Defensemen
Rinat Valiev, Mikko Lehtonen, Matt Kiersted, Riley Stillman, Ty Smith
Scratches
Tyler Kleven (Healthy), Benoit-Olivier Groulx (Healthy), Cooper Marody (Healthy), Fabian Zetterlund (Healthy), David Gustafsson (Healthy)
Danil Zhuravlyov (Healthy), Jacob Ingham (Healthy), Zachary Sawchenko (Healthy)
% Time on Ice - Canucks
Lines # - Real PCT - Wanted PCT - Time Play
Normal Forward
1 - 35% - 40% - 16:25
2 - 27% - 30% - 13:02
3 - 20% - 20% - 9:20
4 - 18% - 10% - 8:43
Normal Defense
1 - 38% - 40% - 18:07
2 - 31% - 30% - 14:45
3 - 27% - 20% - 12:56
4 - 4% - 10% - 1:42
PP Forward
1 - 49% - 60% - 4:00
2 - 51% - 40% - 4:13
PP Defense
1 - 67% - 60% - 5:32
2 - 33% - 40% - 2:41
PK Forward
1 - 79% - 60% - 3:23
2 - 21% - 40% - 0:54
PK Defense
1 - 65% - 60% - 2:47
2 - 35% - 40% - 1:30
PK3 Forward
1 - 0% - 60%
2 - 0% - 40%
PK3 Defense
1 - 0% - 60%
2 - 0% - 40%
44 Forward
1 - 0% - 60%
2 - 0% - 40%
44 Defense
1 - 0% - 60%
2 - 0% - 40%
Last Minute Offensive - 0:00
Last Minute Defensive - 0:00
Total
Forward - 60:00
Defense - 60:00
|
% Time on Ice - Roadrunners
Lines # - Real PCT - Wanted PCT - Time Play
Normal Forward
1 - 38% - 42% - 17:54
2 - 25% - 32% - 12:06
3 - 21% - 20% - 9:48
4 - 16% - 6% - 7:42
Normal Defense
1 - 42% - 40% - 19:48
2 - 30% - 30% - 14:18
3 - 21% - 20% - 9:53
4 - 7% - 10% - 3:31
PP Forward
1 - 58% - 60% - 2:30
2 - 42% - 40% - 1:47
PP Defense
1 - 47% - 60% - 2:01
2 - 53% - 40% - 2:16
PK Forward
1 - 72% - 60% - 5:54
2 - 28% - 40% - 2:19
PK Defense
1 - 56% - 60% - 4:35
2 - 44% - 40% - 3:38
PK3 Forward
1 - 0% - 60%
2 - 0% - 40%
PK3 Defense
1 - 0% - 60%
2 - 0% - 40%
44 Forward
1 - 0% - 60%
2 - 0% - 40%
44 Defense
1 - 0% - 60%
2 - 0% - 40%
Last Minute Offensive - 0:00
Last Minute Defensive - 0:00
Total
Forward - 60:00
Defense - 60:00
|
Play-by-Play
1st period
0:01 of 1st period - Lucas Wallmarkk wins face-off versus Axel Holmstrom in neutral zone.
0:14 of 1st period - Wrist shot by Morgan Klimchuk.
0:14 of 1st period - Stopped by Casey DeSmith with a rebound.
0:26 of 1st period - Adam Ollas-Mattsson is hit by A.J. Greer and loses puck.
0:39 of 1st period - Snap shot by David Kampf.
0:39 of 1st period - Stopped by Casey DeSmith with a rebound.
0:51 of 1st period - Snap shot by Alex Beaucage.
0:51 of 1st period - Deflect By Anthony Angello.
0:51 of 1st period - Stopped by Casey DeSmith with a rebound.
1:01 of 1st period - Slapshot by Josiah Slavin.
1:01 of 1st period - Shot Misses the Net.
1:19 of 1st period - Wrist shot by Lane Pederson.
1:19 of 1st period - Stopped by Zachary Fucale with a rebound.
1:55 of 1st period - Slapshot by Adam Ollas-Mattsson.
1:55 of 1st period - Shot Blocked by Cam York.
2:01 of 1st period - Snap shot by Oliver Wahlstrom.
2:01 of 1st period - Shot Blocked by William Lagesson.
2:18 of 1st period - Kaedan Korczak is hit by William Lagesson and loses puck.
2:31 of 1st period - William Lagesson is hit by Lucas Wallmarkk and loses puck.
2:36 of 1st period - Wrist shot by Rem Pitlick.
2:36 of 1st period - Shot Blocked by Adam Ollas-Mattsson.
3:37 of 1st period - Off-side.
3:38 of 1st period - Laurent Dauphin wins face-off versus Aleksi Heponiemi in neutral zone.
3:40 of 1st period - Off-side.
3:41 of 1st period - Axel Holmstrom wins face-off versus Lucas Wallmarkk in neutral zone.
4:14 of 1st period - Guillaume Brisebois is hit by Mikko Lehtonen and loses puck.
4:51 of 1st period - Will Borgen is hit by Riley Stillman and loses puck.
4:58 of 1st period - Snap shot by Josiah Slavin.
4:58 of 1st period - Shot Blocked by Maxim Letunov.
5:08 of 1st period - Victor Berglund is hit by Trevor Moore and loses puck.
5:34 of 1st period - Will Borgen is hit by Kaedan Korczak and loses puck.
5:48 of 1st period - Off-side.
5:49 of 1st period - Laurent Dauphin wins face-off versus Lane Pederson in neutral zone.
5:54 of 1st period - Wrist shot by Brett Murray.
5:54 of 1st period - Stopped by Casey DeSmith with a rebound.
5:56 of 1st period - Slapshot by Mikko Lehtonen.
5:56 of 1st period - Deflect By Brett Murray.
5:56 of 1st period - Shot Blocked by Aku Raty.
5:56 of 1st period - Puck is out of play.
5:57 of 1st period - Lucas Wallmarkk wins face-off versus Axel Holmstrom in Canucks zone.
5:58 of 1st period - Snap shot by Morgan Klimchuk.
5:58 of 1st period - Shot Misses the Net.
6:00 of 1st period - Slapshot by Rinat Valiev.
6:00 of 1st period - Deflect By Morgan Klimchuk.
6:00 of 1st period - Shot Misses the Net.
6:00 of 1st period - Puck is out of play.
6:01 of 1st period - Lucas Wallmarkk wins face-off versus Axel Holmstrom in Canucks zone.
6:02 of 1st period - Wrist shot by Morgan Klimchuk.
6:02 of 1st period - Stopped by Casey DeSmith without a rebound.
6:03 of 1st period - Lucas Wallmarkk wins face-off versus Axel Holmstrom in Canucks zone.
6:18 of 1st period - Snap shot by Lucas Wallmarkk.
6:18 of 1st period - Goal by Lucas Wallmarkk - Canucks : 0 - Roadrunners : 1.
6:19 of 1st period - Lucas Wallmarkk wins face-off versus Axel Holmstrom in neutral zone.
6:22 of 1st period - William Lockwood is hit by Rem Pitlick and loses puck.
6:29 of 1st period - Wrist shot by William Lockwood.
6:29 of 1st period - Stopped by Zachary Fucale without a rebound.
6:30 of 1st period - Aleksi Heponiemi wins face-off versus Lucas Wallmarkk in Roadrunners zone.
6:47 of 1st period - Snap shot by Morgan Klimchuk.
6:47 of 1st period - Stopped by Casey DeSmith with a rebound.
6:57 of 1st period - Tobias Lindberg is hit by Brett Murray and loses puck.
7:16 of 1st period - Snap shot by Aleksi Heponiemi.
7:16 of 1st period - Stopped by Zachary Fucale without a rebound.
7:17 of 1st period - David Kampf wins face-off versus Axel Holmstrom in Roadrunners zone.
7:53 of 1st period - Wrist shot by Kristian Vesalainen.
7:53 of 1st period - Stopped by Zachary Fucale without a rebound.
7:54 of 1st period - Lane Pederson wins face-off versus Lucas Wallmarkk in Roadrunners zone.
8:07 of 1st period - Wrist shot by Lucas Wallmarkk.
8:07 of 1st period - Shot Misses the Net.
8:45 of 1st period - Arsen Khisamutdinov is hit by Daniil Miromanov.
8:49 of 1st period - Slapshot by Mikko Lehtonen.
8:49 of 1st period - Shot Blocked by C.J. Smith.
9:03 of 1st period - Adam Ollas-Mattsson is hit by Alex Beaucage.
9:38 of 1st period - Wrist shot by Kristian Vesalainen.
9:38 of 1st period - Shot Misses the Net.
9:51 of 1st period - Icing by Riley Stillman.
9:52 of 1st period - Aleksi Heponiemi wins face-off versus David Kampf in Roadrunners zone.
9:53 of 1st period - Wrist shot by C.J. Smith.
9:53 of 1st period - Deflect By Tobias Lindberg.
9:53 of 1st period - Shot Misses the Net.
9:53 of 1st period - Puck is out of play.
9:54 of 1st period - Aleksi Heponiemi wins face-off versus David Kampf in Roadrunners zone.
10:21 of 1st period - Icing by Lucas Wallmarkk.
10:22 of 1st period - Lucas Wallmarkk wins face-off versus Axel Holmstrom in Roadrunners zone.
10:22 of 1st period - Lucas Wallmarkk is hit by Axel Holmstrom.
10:30 of 1st period - Snap shot by Morgan Klimchuk.
10:30 of 1st period - Stopped by Casey DeSmith with a rebound.
10:32 of 1st period - Wrist shot by Rem Pitlick.
10:32 of 1st period - Stopped by Casey DeSmith without a rebound.
10:33 of 1st period - Lucas Wallmarkk wins face-off versus Trevor Moore in Canucks zone.
10:38 of 1st period - Slapshot by Rem Pitlick.
10:38 of 1st period - Shot Misses the Net.
11:22 of 1st period - Snap shot by Aleksi Heponiemi.
11:22 of 1st period - Shot Misses the Net.
11:24 of 1st period - Slapshot by Adam Ollas-Mattsson.
11:24 of 1st period - Shot Misses the Net.
11:26 of 1st period - Slapshot by William Lagesson.
11:26 of 1st period - Shot Blocked by A.J. Greer.
11:32 of 1st period - Wrist shot by Aleksi Heponiemi.
11:32 of 1st period - Shot Misses the Net.
11:34 of 1st period - Slapshot by Adam Ollas-Mattsson.
11:34 of 1st period - Stopped by Zachary Fucale with a rebound.
11:48 of 1st period - Slapshot by Mikko Lehtonen.
11:48 of 1st period - Deflect By Josiah Slavin.
11:48 of 1st period - Stopped by Casey DeSmith with a rebound.
11:50 of 1st period - Backhand shot by Anthony Angello.
11:50 of 1st period - Shot Misses the Net.
11:52 of 1st period - Snap shot by Mikko Lehtonen.
11:52 of 1st period - Shot Misses the Net.
13:29 of 1st period - Slapshot by Anthony Angello.
13:29 of 1st period - Deflect By Josiah Slavin.
13:29 of 1st period - Stopped by Casey DeSmith without a rebound.
13:30 of 1st period - Anthony Angello wins face-off versus Maxim Letunov in Canucks zone.
14:02 of 1st period - William Lagesson is hit by Rinat Valiev and loses puck.
14:15 of 1st period - Slapshot by Mikko Lehtonen.
14:15 of 1st period - Shot Misses the Net.
14:20 of 1st period - Off-side.
14:21 of 1st period - Lucas Wallmarkk wins face-off versus Axel Holmstrom in neutral zone.
14:48 of 1st period - Lucas Wallmarkk is hit by Aleksi Heponiemi and loses puck.
15:09 of 1st period - Wrist shot by Lane Pederson.
15:09 of 1st period - Shot Misses the Net.
15:15 of 1st period - Wrist shot by Kristian Vesalainen.
15:15 of 1st period - Shot Misses the Net.
16:41 of 1st period - Slapshot by Kristian Vesalainen.
16:41 of 1st period - Stopped by Zachary Fucale with a rebound.
16:43 of 1st period - Slapshot by Will Borgen.
16:43 of 1st period - Shot Blocked by Lucas Wallmarkk.
17:11 of 1st period - Minor Penalty to Ty Smith for Holding.
17:12 of 1st period - William Lockwood wins face-off versus Lucas Wallmarkk in Roadrunners zone.
18:21 of 1st period - Snap shot by Tobias Lindberg.
18:21 of 1st period - Shot Blocked by Anthony Angello.
18:45 of 1st period - Slapshot by Aleksi Heponiemi.
18:45 of 1st period - Shot Misses the Net.
18:47 of 1st period - Slapshot by Adam Ollas-Mattsson.
18:47 of 1st period - Stopped by Zachary Fucale with a rebound.
18:49 of 1st period - Snap shot by William Lagesson.
18:49 of 1st period - Stopped by Zachary Fucale with a rebound.
18:51 of 1st period - Wrist shot by Adam Ollas-Mattsson.
18:51 of 1st period - Shot Blocked by A.J. Greer.
18:53 of 1st period - Snap shot by Kristian Vesalainen.
18:53 of 1st period - Goal by Kristian Vesalainen - Canucks : 1 - Roadrunners : 1.
18:54 of 1st period - Axel Holmstrom wins face-off versus Morgan Klimchuk in neutral zone.
18:57 of 1st period - Rem Pitlick is hit by William Lockwood and loses puck.
Goals for this period are 1 for Canucks vs 1 for Roadrunners.
Shots for this period are 9 for Canucks vs 11 for Roadrunners.
2nd period
0:01 of 2nd period - David Kampf wins face-off versus Axel Holmstrom in neutral zone.
0:06 of 2nd period - Slapshot by David Kampf.
0:06 of 2nd period - Shot Blocked by Trevor Moore.
0:16 of 2nd period - Wrist shot by William Lockwood.
0:16 of 2nd period - Deflect By A.J. Greer.
0:16 of 2nd period - Stopped by Zachary Fucale without a rebound.
0:17 of 2nd period - Lucas Wallmarkk wins face-off versus Aleksi Heponiemi in Roadrunners zone.
0:47 of 2nd period - Rinat Valiev is hit by Trevor Moore and loses puck.
1:22 of 2nd period - Slapshot by Josiah Slavin.
1:22 of 2nd period - Shot Misses the Net.
1:24 of 2nd period - Snap shot by Anthony Angello.
1:24 of 2nd period - Stopped by Casey DeSmith without a rebound.
1:25 of 2nd period - Anthony Angello wins face-off versus Maxim Letunov in Canucks zone.
1:42 of 2nd period - Snap shot by Anthony Angello.
1:42 of 2nd period - Shot Blocked by William Lagesson.
1:44 of 2nd period - Slapshot by Victor Berglund.
1:44 of 2nd period - Shot Misses the Net.
1:52 of 2nd period - Slapshot by Alex Beaucage.
1:52 of 2nd period - Stopped by Casey DeSmith without a rebound.
1:53 of 2nd period - Lucas Wallmarkk wins face-off versus Axel Holmstrom in Canucks zone.
1:56 of 2nd period - Snap shot by Lucas Wallmarkk.
1:56 of 2nd period - Stopped by Casey DeSmith without a rebound.
1:57 of 2nd period - Rem Pitlick wins face-off versus Axel Holmstrom in Canucks zone.
1:58 of 2nd period - Wrist shot by Lucas Wallmarkk.
1:58 of 2nd period - Deflect By Rem Pitlick.
1:58 of 2nd period - Shot Misses the Net.
1:58 of 2nd period - Puck is out of play.
1:59 of 2nd period - Lucas Wallmarkk wins face-off versus Trevor Moore in Canucks zone.
2:08 of 2nd period - Slapshot by Rem Pitlick.
2:08 of 2nd period - Shot Misses the Net.
2:10 of 2nd period - Snap shot by Matt Kiersted.
2:10 of 2nd period - Deflect By Morgan Klimchuk.
2:10 of 2nd period - Shot Misses the Net.
2:10 of 2nd period - Puck is out of play.
2:11 of 2nd period - Axel Holmstrom wins face-off versus Morgan Klimchuk in Canucks zone.
2:26 of 2nd period - Snap shot by Trevor Moore.
2:26 of 2nd period - Stopped by Zachary Fucale with a rebound.
2:47 of 2nd period - Snap shot by David Kampf.
2:47 of 2nd period - Stopped by Casey DeSmith with a rebound.
3:07 of 2nd period - Snap shot by Kristian Vesalainen.
3:07 of 2nd period - Shot Misses the Net.
3:25 of 2nd period - Wrist shot by Rem Pitlick.
3:25 of 2nd period - Goal by Rem Pitlick - Canucks : 1 - Roadrunners : 2.
3:26 of 2nd period - Lucas Wallmarkk wins face-off versus Axel Holmstrom in neutral zone.
3:37 of 2nd period - Wrist shot by Rem Pitlick.
3:37 of 2nd period - Stopped by Casey DeSmith with a rebound.
4:15 of 2nd period - Slapshot by Rinat Valiev.
4:15 of 2nd period - Deflect By Alex Beaucage.
4:15 of 2nd period - Shot Blocked by C.J. Smith.
4:15 of 2nd period - Puck is out of play.
4:16 of 2nd period - Axel Holmstrom wins face-off versus Anthony Angello in Canucks zone.
4:16 of 2nd period - Axel Holmstrom is hit by Mikko Lehtonen.
4:29 of 2nd period - Slapshot by Alex Beaucage.
4:29 of 2nd period - Stopped by Casey DeSmith with a rebound.
4:41 of 2nd period - Snap shot by Lucas Wallmarkk.
4:41 of 2nd period - Shot Blocked by William Lagesson.
4:43 of 2nd period - Snap shot by Rinat Valiev.
4:43 of 2nd period - Stopped by Casey DeSmith without a rebound.
4:44 of 2nd period - Lucas Wallmarkk wins face-off versus Lane Pederson in Canucks zone.
4:59 of 2nd period - Wrist shot by Aku Raty.
4:59 of 2nd period - Shot Misses the Net.
5:16 of 2nd period - Matt Kiersted is hit by Kristian Vesalainen and loses puck.
5:37 of 2nd period - Snap shot by Rem Pitlick.
5:37 of 2nd period - Shot Misses the Net.
5:40 of 2nd period - Icing by Adam Ollas-Mattsson.
5:41 of 2nd period - David Kampf wins face-off versus Lane Pederson in Canucks zone.
5:42 of 2nd period - Wrist shot by A.J. Greer.
5:42 of 2nd period - Deflect By David Kampf.
5:42 of 2nd period - Shot Blocked by Adam Ollas-Mattsson.
5:42 of 2nd period - Puck is out of play.
5:43 of 2nd period - David Kampf wins face-off versus Axel Holmstrom in Canucks zone.
5:56 of 2nd period - Oliver Wahlstrom is hit by Axel Holmstrom and loses puck.
7:42 of 2nd period - Slapshot by Lucas Wallmarkk.
7:42 of 2nd period - Stopped by Casey DeSmith without a rebound.
7:43 of 2nd period - Maxim Letunov wins face-off versus Lucas Wallmarkk in Canucks zone.
7:48 of 2nd period - Snap shot by Rem Pitlick.
7:48 of 2nd period - Stopped by Casey DeSmith with a rebound.
7:52 of 2nd period - Snap shot by Rem Pitlick.
7:52 of 2nd period - Stopped by Casey DeSmith with a rebound.
7:54 of 2nd period - Slapshot by Rinat Valiev.
7:54 of 2nd period - Shot Blocked by Adam Ollas-Mattsson.
8:40 of 2nd period - Slapshot by Daniil Miromanov.
8:40 of 2nd period - Stopped by Zachary Fucale with a rebound.
8:54 of 2nd period - Snap shot by Pavel Gogolev.
8:54 of 2nd period - Stopped by Zachary Fucale with a rebound.
8:56 of 2nd period - Minor Penalty to Morgan Klimchuk for Interference.
8:57 of 2nd period - David Kampf wins face-off versus Axel Holmstrom in Roadrunners zone.
9:05 of 2nd period - Icing by Axel Holmstrom.
9:06 of 2nd period - Axel Holmstrom wins face-off versus David Kampf in Canucks zone.
9:13 of 2nd period - Matt Kiersted is hit by William Lockwood and loses puck.
9:26 of 2nd period - Backhand shot by C.J. Smith.
9:26 of 2nd period - Stopped by Zachary Fucale with a rebound.
9:28 of 2nd period - Wrist shot by C.J. Smith.
9:28 of 2nd period - Shot Misses the Net.
9:30 of 2nd period - Slapshot by Axel Holmstrom.
9:30 of 2nd period - Goal by Axel Holmstrom - Canucks : 2 - Roadrunners : 2.
9:31 of 2nd period - David Kampf wins face-off versus Axel Holmstrom in neutral zone.
9:42 of 2nd period - Minor Penalty to A.J. Greer for High sticking.
9:43 of 2nd period - Lucas Wallmarkk wins face-off versus Axel Holmstrom in Roadrunners zone.
10:14 of 2nd period - Kristian Vesalainen is hit by Matt Kiersted and loses puck.
11:42 of 2nd period - Penalty to A.J. Greer is over, A.J. Greer is back on ice.
11:47 of 2nd period - Mikko Lehtonen is hit by Aku Raty and loses puck.
11:52 of 2nd period - Snap shot by Lane Pederson.
11:52 of 2nd period - Stopped by Zachary Fucale with a rebound.
11:54 of 2nd period - Slapshot by Will Borgen.
11:54 of 2nd period - Stopped by Zachary Fucale without a rebound.
11:55 of 2nd period - Anthony Angello wins face-off versus Maxim Letunov in Roadrunners zone.
12:24 of 2nd period - Victor Berglund is hit by Axel Holmstrom.
12:46 of 2nd period - Wrist shot by Brett Murray.
12:46 of 2nd period - Stopped by Casey DeSmith with a rebound.
12:50 of 2nd period - Slapshot by Laurent Dauphin.
12:50 of 2nd period - Stopped by Casey DeSmith with a rebound.
12:52 of 2nd period - Snap shot by Brett Murray.
12:52 of 2nd period - Stopped by Casey DeSmith without a rebound.
12:53 of 2nd period - Lucas Wallmarkk wins face-off versus Axel Holmstrom in Canucks zone.
13:04 of 2nd period - Snap shot by Rem Pitlick.
13:04 of 2nd period - Stopped by Casey DeSmith without a rebound.
13:05 of 2nd period - David Kampf wins face-off versus Axel Holmstrom in Canucks zone.
13:14 of 2nd period - Slapshot by Oliver Wahlstrom.
13:14 of 2nd period - Deflect By William Lagesson.
13:14 of 2nd period - Shot Blocked by William Lockwood.
13:14 of 2nd period - Puck is out of play.
13:15 of 2nd period - Axel Holmstrom wins face-off versus David Kampf in Canucks zone.
13:19 of 2nd period - Icing by Adam Ollas-Mattsson.
13:20 of 2nd period - Axel Holmstrom wins face-off versus David Kampf in Canucks zone.
13:25 of 2nd period - Backhand shot by Axel Holmstrom.
13:25 of 2nd period - Shot Misses the Net.
13:35 of 2nd period - William Lockwood is hit by A.J. Greer.
13:54 of 2nd period - Snap shot by Morgan Klimchuk.
13:54 of 2nd period - Stopped by Casey DeSmith with a rebound.
14:08 of 2nd period - Aku Raty is hit by Mikko Lehtonen and loses puck.
14:32 of 2nd period - Minor Penalty to Pavel Gogolev for Tripping.
14:33 of 2nd period - Axel Holmstrom wins face-off versus Lucas Wallmarkk in Canucks zone.
15:25 of 2nd period - Slapshot by Daniil Miromanov.
15:25 of 2nd period - Stopped by Zachary Fucale with a rebound.
15:27 of 2nd period - Slapshot by Daniil Miromanov.
15:27 of 2nd period - Shot Misses the Net.
16:32 of 2nd period - Penalty to Pavel Gogolev is over, Pavel Gogolev is back on ice.
16:32 of 2nd period - Icing by Axel Holmstrom.
16:33 of 2nd period - Aleksi Heponiemi wins face-off versus David Kampf in Canucks zone.
16:40 of 2nd period - Slapshot by Pavel Gogolev.
16:40 of 2nd period - Shot Misses the Net.
16:42 of 2nd period - Slapshot by Daniil Miromanov.
16:42 of 2nd period - Stopped by Zachary Fucale with a rebound.
16:44 of 2nd period - Slapshot by Guillaume Brisebois.
16:44 of 2nd period - Stopped by Zachary Fucale with a rebound.
16:50 of 2nd period - Snap shot by Aleksi Heponiemi.
16:50 of 2nd period - Deflect By Victor Berglund.
16:50 of 2nd period - Stopped by Zachary Fucale without a rebound.
16:51 of 2nd period - Brett Murray wins face-off versus Lane Pederson in Roadrunners zone.
17:21 of 2nd period - Slapshot by Rinat Valiev.
17:21 of 2nd period - Stopped by Casey DeSmith with a rebound.
17:23 of 2nd period - Snap shot by Rem Pitlick.
17:23 of 2nd period - Deflect By Lucas Wallmarkk.
17:23 of 2nd period - Shot Blocked by Will Borgen.
17:23 of 2nd period - Puck is out of play.
17:24 of 2nd period - Axel Holmstrom wins face-off versus David Kampf in Canucks zone.
17:35 of 2nd period - Wrist shot by William Lockwood.
17:35 of 2nd period - Shot Misses the Net.
17:37 of 2nd period - Wrist shot by Trevor Moore.
17:37 of 2nd period - Goal by Trevor Moore - Canucks : 3 - Roadrunners : 2.
17:38 of 2nd period - Lucas Wallmarkk wins face-off versus Axel Holmstrom in neutral zone.
18:03 of 2nd period - William Lagesson is hit by Riley Stillman and loses puck.
18:30 of 2nd period - Riley Stillman is hit by Lane Pederson and loses puck.
18:41 of 2nd period - Riley Stillman is hit by Jackson Hallum and loses puck.
18:48 of 2nd period - Slapshot by Pavel Gogolev.
18:48 of 2nd period - Shot Blocked by Riley Stillman.
19:06 of 2nd period - Snap shot by Axel Holmstrom.
19:06 of 2nd period - Shot Misses the Net.
19:08 of 2nd period - Slapshot by Will Borgen.
19:08 of 2nd period - Shot Misses the Net.
19:10 of 2nd period - Slapshot by Will Borgen.
19:10 of 2nd period - Shot Misses the Net.
19:27 of 2nd period - Minor Penalty to William Lagesson for Hooking.
19:28 of 2nd period - Lucas Wallmarkk wins face-off versus Axel Holmstrom in Canucks zone.
19:28 of 2nd period - Wrist shot by Rem Pitlick.
19:28 of 2nd period - Stopped by Casey DeSmith without a rebound.
19:29 of 2nd period - Axel Holmstrom wins face-off versus Lucas Wallmarkk in Canucks zone.
19:46 of 2nd period - Slapshot by Rem Pitlick.
19:46 of 2nd period - Goal by Rem Pitlick - Canucks : 3 - Roadrunners : 3.
19:47 of 2nd period - Axel Holmstrom wins face-off versus Lucas Wallmarkk in neutral zone.
19:58 of 2nd period - Snap shot by William Lockwood.
19:58 of 2nd period - Stopped by Zachary Fucale without a rebound.
19:59 of 2nd period - Lucas Wallmarkk wins face-off versus Axel Holmstrom in Roadrunners zone.
Goals for this period are 2 for Canucks vs 2 for Roadrunners.
Shots for this period are 14 for Canucks vs 19 for Roadrunners.
3rd period
0:01 of 3rd period - Lucas Wallmarkk wins face-off versus Axel Holmstrom in neutral zone.
0:04 of 3rd period - Trevor Moore is hit by Rem Pitlick.
0:26 of 3rd period - Oliver Wahlstrom is hit by William Lagesson and loses puck.
0:47 of 3rd period - Minor Penalty to Oliver Wahlstrom for Interference.
0:48 of 3rd period - Lucas Wallmarkk wins face-off versus Axel Holmstrom in Roadrunners zone.
1:04 of 3rd period - Off-side.
1:05 of 3rd period - C.J. Smith wins face-off versus Lucas Wallmarkk in neutral zone.
1:30 of 3rd period - Rinat Valiev is hit by Tobias Lindberg and loses puck.
1:35 of 3rd period - Slapshot by Aleksi Heponiemi.
1:35 of 3rd period - Shot Blocked by Lucas Wallmarkk.
1:37 of 3rd period - Slapshot by Daniil Miromanov.
1:37 of 3rd period - Stopped by Zachary Fucale without a rebound.
1:38 of 3rd period - Lucas Wallmarkk wins face-off versus Aleksi Heponiemi in Roadrunners zone.
2:47 of 3rd period - Penalty to Oliver Wahlstrom is over, Oliver Wahlstrom is back on ice.
2:52 of 3rd period - Off-side.
2:53 of 3rd period - Laurent Dauphin wins face-off versus Jackson Hallum in neutral zone.
3:02 of 3rd period - Wrist shot by Pavel Gogolev.
3:02 of 3rd period - Stopped by Zachary Fucale with a rebound.
4:22 of 3rd period - Minor Penalty to Riley Stillman for Interference.
4:23 of 3rd period - Lucas Wallmarkk wins face-off versus Axel Holmstrom in Roadrunners zone.
4:57 of 3rd period - Slapshot by Daniil Miromanov.
4:57 of 3rd period - Shot Misses the Net.
5:15 of 3rd period - Morgan Klimchuk is hit by William Lagesson and loses puck.
6:22 of 3rd period - Penalty to Riley Stillman is over, Riley Stillman is back on ice.
6:48 of 3rd period - Slapshot by Adam Ollas-Mattsson.
6:48 of 3rd period - Shot Misses the Net.
7:00 of 3rd period - Wrist shot by A.J. Greer.
7:00 of 3rd period - Shot Misses the Net.
7:47 of 3rd period - Icing by Mikko Lehtonen.
7:48 of 3rd period - Maxim Letunov wins face-off versus Laurent Dauphin in Roadrunners zone.
8:09 of 3rd period - Lucas Wallmarkk is hit by Will Borgen.
9:35 of 3rd period - A.J. Greer is hit by Axel Holmstrom and loses puck.
9:48 of 3rd period - Rinat Valiev is hit by Aleksi Heponiemi and loses puck.
10:17 of 3rd period - Riley Stillman is hit by Lane Pederson and loses puck.
10:33 of 3rd period - Icing by Alex Beaucage.
10:34 of 3rd period - Axel Holmstrom wins face-off versus Anthony Angello in Roadrunners zone.
11:00 of 3rd period - Wrist shot by Josiah Slavin.
11:00 of 3rd period - Shot Misses the Net.
11:03 of 3rd period - Icing by Jack Rathbone.
11:04 of 3rd period - David Kampf wins face-off versus William Lockwood in Canucks zone.
11:05 of 3rd period - Wrist shot by A.J. Greer.
11:05 of 3rd period - Shot Blocked by Will Borgen.
11:19 of 3rd period - Slapshot by Axel Holmstrom.
11:19 of 3rd period - Stopped by Zachary Fucale without a rebound.
11:20 of 3rd period - Aleksi Heponiemi wins face-off versus Lucas Wallmarkk in Roadrunners zone.
11:20 of 3rd period - William Lagesson is hit by Rinat Valiev and loses puck.
11:23 of 3rd period - Wrist shot by Tobias Lindberg.
11:23 of 3rd period - Stopped by Zachary Fucale with a rebound.
11:25 of 3rd period - Slapshot by Adam Ollas-Mattsson.
11:25 of 3rd period - Deflect By Lucas Wallmarkk.
11:25 of 3rd period - Stopped by Zachary Fucale without a rebound.
11:26 of 3rd period - Aleksi Heponiemi wins face-off versus Lucas Wallmarkk in Roadrunners zone.
11:36 of 3rd period - Icing by William Lagesson.
11:37 of 3rd period - Aleksi Heponiemi wins face-off versus David Kampf in Canucks zone.
12:02 of 3rd period - C.J. Smith is hit by Lucas Wallmarkk and loses puck.
12:39 of 3rd period - Slapshot by Tobias Lindberg.
12:39 of 3rd period - Shot Blocked by A.J. Greer.
12:41 of 3rd period - Wrist shot by Tobias Lindberg.
12:41 of 3rd period - Shot Misses the Net.
12:43 of 3rd period - Wrist shot by Aleksi Heponiemi.
12:43 of 3rd period - Stopped by Zachary Fucale without a rebound.
12:44 of 3rd period - David Kampf wins face-off versus Axel Holmstrom in Roadrunners zone.
12:53 of 3rd period - Slapshot by William Lockwood.
12:53 of 3rd period - Stopped by Zachary Fucale with a rebound.
12:55 of 3rd period - Wrist shot by Trevor Moore.
12:55 of 3rd period - Stopped by Zachary Fucale without a rebound.
12:56 of 3rd period - Axel Holmstrom wins face-off versus Lucas Wallmarkk in Roadrunners zone.
13:23 of 3rd period - Oliver Wahlstrom is hit by Daniil Miromanov and loses puck.
13:54 of 3rd period - Wrist shot by Josiah Slavin.
13:54 of 3rd period - Stopped by Casey DeSmith with a rebound.
13:56 of 3rd period - Wrist shot by Alex Beaucage.
13:56 of 3rd period - Shot Misses the Net.
13:58 of 3rd period - Wrist shot by Anthony Angello.
13:58 of 3rd period - Stopped by Casey DeSmith with a rebound.
14:04 of 3rd period - Minor Penalty to Maxim Letunov for Holding.
14:05 of 3rd period - Axel Holmstrom wins face-off versus Lucas Wallmarkk in Canucks zone.
14:46 of 3rd period - Aleksi Heponiemi is hit by Oliver Wahlstrom and loses puck.
16:04 of 3rd period - Penalty to Maxim Letunov is over, Maxim Letunov is back on ice.
17:10 of 3rd period - Cam York is hit by C.J. Smith and loses puck.
17:34 of 3rd period - Off-side.
17:35 of 3rd period - Aleksi Heponiemi wins face-off versus Oliver Wahlstrom in neutral zone.
17:56 of 3rd period - Snap shot by Trevor Moore.
17:56 of 3rd period - Shot Misses the Net.
17:58 of 3rd period - Slapshot by William Lockwood.
17:58 of 3rd period - Shot Blocked by Mikko Lehtonen.
19:47 of 3rd period - Mikko Lehtonen is hit by Tobias Lindberg and loses puck.
Goals for this period are 0 for Canucks vs 0 for Roadrunners.
Shots for this period are 8 for Canucks vs 2 for Roadrunners.
Overtime #1
0:01 of 1st overtime period - Lucas Wallmarkk wins face-off versus William Lockwood in neutral zone.
0:26 of 1st overtime period - Rinat Valiev is hit by C.J. Smith and loses puck.
0:35 of 1st overtime period - Wrist shot by Aleksi Heponiemi.
0:35 of 1st overtime period - Shot Blocked by David Kampf.
0:37 of 1st overtime period - Slapshot by William Lagesson.
0:37 of 1st overtime period - Deflect By Aleksi Heponiemi.
0:37 of 1st overtime period - Shot Blocked by Rinat Valiev.
0:37 of 1st overtime period - Puck is out of play.
0:38 of 1st overtime period - William Lockwood wins face-off versus Lucas Wallmarkk in Roadrunners zone.
0:39 of 1st overtime period - Snap shot by Axel Holmstrom.
0:39 of 1st overtime period - Shot Blocked by Rinat Valiev.
1:08 of 1st overtime period - David Kampf is hit by Adam Ollas-Mattsson and loses puck.
1:17 of 1st overtime period - Aleksi Heponiemi is hit by Rem Pitlick and loses puck.
1:36 of 1st overtime period - Lane Pederson is hit by Laurent Dauphin and loses puck.
1:45 of 1st overtime period - Slapshot by Oliver Wahlstrom.
1:45 of 1st overtime period - Shot Misses the Net.
1:47 of 1st overtime period - Slapshot by Matt Kiersted.
1:47 of 1st overtime period - Deflect By Lane Pederson.
1:47 of 1st overtime period - Stopped by Casey DeSmith with a rebound.
1:59 of 1st overtime period - Snap shot by Axel Holmstrom.
1:59 of 1st overtime period - Shot Misses the Net.
2:51 of 1st overtime period - Slapshot by Rinat Valiev.
2:51 of 1st overtime period - Shot Misses the Net.
3:28 of 1st overtime period - Mikko Lehtonen is hit by Maxim Letunov and loses puck.
4:15 of 1st overtime period - Lucas Wallmarkk is hit by Axel Holmstrom and loses puck.
4:45 of 1st overtime period - Snap shot by A.J. Greer.
4:45 of 1st overtime period - Stopped by Casey DeSmith with a rebound.
Goals for this period are 0 for Canucks vs 0 for Roadrunners.
Shots for this period are 0 for Canucks vs 2 for Roadrunners.
ShootOut
5:00 of 1st overtime period - Round #1.
5:00 of 1st overtime period - Canucks, Axel Holmstrom.
5:00 of 1st overtime period - Wrist shot by Axel Holmstrom.
5:00 of 1st overtime period - Stopped by Zachary Fucale.
5:00 of 1st overtime period - Roadrunners, Morgan Klimchuk.
5:00 of 1st overtime period - Deke by Morgan Klimchuk.
5:00 of 1st overtime period - Shot Misses the Net.
5:00 of 1st overtime period - Round #2.
5:00 of 1st overtime period - Canucks, William Lockwood.
5:00 of 1st overtime period - Snap shot by William Lockwood.
5:00 of 1st overtime period - Stopped by Zachary Fucale.
5:00 of 1st overtime period - Roadrunners, Lucas Wallmarkk.
5:00 of 1st overtime period - Deke by Lucas Wallmarkk.
5:00 of 1st overtime period - Goal by Lucas Wallmarkk.
5:00 of 1st overtime period - Round #3.
5:00 of 1st overtime period - Canucks, C.J. Smith.
5:00 of 1st overtime period - Wrist shot by C.J. Smith.
5:00 of 1st overtime period - Stopped by Zachary Fucale.